 Dungeon Crawl Stone Soup version 0.17-a0-1056-g838d5c0 (webtiles) character file.

630 Hanyuu the Insei (level 7, 0/45 HPs)
             Began as an Octopode Transmuter on May 17, 2015.
             Killed from afar by an orc wizard (2 damage)
             ... with a puff of flame
             ... on level 4 of the Dungeon.
             The game lasted 00:12:41 (4420 turns).

Hanyuu the Insei (Octopode Transmuter)              Turns: 4420, Time: 00:12:41

Health: 0/45       AC:  2    Str: 10    XL:     7   Next: 48%
Magic:  5/10       EV: 20    Int: 17    God:
Gold:   143        SH:  0    Dex: 17    Spells: 3 memorised, 4 levels left

rFire  . . .     SeeInvis .       - Unarmed
rCold  . . .     Clarity  .     (shield currently unavailable)
rNeg   + . .     SustAb   .     (helmet currently unavailable)
rPois  x         Gourm    .     i - amulet of warding
rElec  .         Spirit   .     (no ring)
rCorr  .         Warding  +     (no ring)
rMut   .         Stasis   .     (no ring)
MR     .....                    (no ring)
Stlth  ++........               (no ring)
                                (no ring)
                                (no ring)
                                (no ring)

@: spider-form (expiring), not resistant to hostile enchantments, unstealthy
A: almost no armour, amphibious, 8 rings, (constrict 8), (camouflage 0),
(gelatinous body 0)
a: End Transformation


You were on level 4 of the Dungeon.
You were not hungry.
You were a venomous arachnid creature.
You visited 1 branch of the dungeon, and saw 4 of its levels.

You collected 143 gold pieces.

Inventory:

Missiles
 a - 32 arrows
 e - 3 tomahawks (quivered)
 g - 46 poisoned needles
 B - 2 poisoned tomahawks
Jewellery
 i - an amulet of warding (around neck)
Magical devices
 m - a wand of random effects (13)
 q - a wand of frost (38)
Scrolls
 l - a scroll of teleportation {unknown}
 w - a scroll of blinking {unknown}
 x - a scroll of magic mapping {unknown}
 y - 2 scrolls of identify
 A - a scroll of remove curse
Potions
 h - a potion of haste
 j - a potion of cancellation {unknown}
 k - 2 potions of curing
 o - a potion of brilliance {unknown}
 p - a potion of heal wounds {unknown}
 r - 2 potions of cure mutation {unknown}
 s - 2 potions of might {unknown}
 t - 3 potions of degeneration {unknown}
 u - a potion of agility {unknown}
 v - a potion of resistance {unknown}
Books
 b - a book of Changes

   Spells                             Type                      Level
   a - Beastly Appendage              Transmutation                1
   b - Sticks to Snakes               Transmutation                2
   c - Spider Form                    Transmutation/Poison         3
   d - Ice Form                       Ice/Transmutation            4
   e - Blade Hands                    Transmutation                5
 f - a book of Clouds

   Spells                             Type                      Level
   a - Mephitic Cloud                 Conjuration/Poison/Air       3
   b - Conjure Flame                  Conjuration/Fire             3
   c - Poisonous Cloud                Conjuration/Poison/Air       6
   d - Freezing Cloud                 Conjuration/Ice/Air          6
   e - Ring of Flames                 Charms/Fire                  7
Comestibles
 c - 4 bread rations
 d - a slice of pizza
 n - a chunk of flesh
 z - a meat ration


   Skills:
 - Level 2.2 Fighting
 + Level 2.1 Dodging
 + Level 7.1 Unarmed Combat
 + Level 2.1 Spellcasting
 - Level 4.1 Transmutations


You had 4 spell levels left.
You knew the following spells:

 Your Spells              Type           Power        Failure   Level  Hunger
a - Beastly Appendage     Trmt           ###...       12%         1    #......
b - Sticks to Snakes      Trmt           ###.......   17%         2    ###....
c - Spider Form           Trmt/Pois      #.........   45%         3    ###....


Dungeon Overview and Level Annotations

Branches:
Dungeon (4/15)
 Temple: D:4-7

Altars:
Dithmenos
Qazlal
Trog


Innate Abilities, Weirdness & Mutations

You cannot wear most types of armour.
You are amphibious.
You can wear up to eight rings at the same time.
((You can use your tentacles to constrict eight enemies at once.))
((Your skin changes colour to match your surroundings (Stealth).))
((Your rubbery body absorbs attacks (AC +1).))


Message History

You feel a wave of unholy energy pass over you.
You hit the orc wizard.
The orc wizard looks even sicker.
The orc wizard is moderately wounded.
The orc closely misses you. The orc wizard misses you.
You barely miss the orc wizard.
The orc wizard is heavily wounded.
You barely miss the orc wizard. The orc hits you but does no damage.
The orc wizard hits you with a dagger.
* * * LOW HITPOINT WARNING * * *
You bite the orc wizard!
The orc wizard is poisoned.
The orc wizard is severely wounded.
The orc wizard points at you and mumbles some strange words.
The puff of frost hits you!
* * * LOW HITPOINT WARNING * * *
The orc completely misses you.
The orc wizard mumbles some strange words.
The orc wizard seems to speed up.
The orc wizard points at you and mumbles some strange words.
The puff of flame hits you!
You die...

#.. ..###.. #.. . #..#
#..#..###.. ## .
...##.....##...## ##. [
...............# ###.. #
#.........##..# ##.... oo....#
##..._...####.###.....
.......##....o....##...#......
............o.o................
##..........##..s..##..........#.
...........###..#..###...."..####
...........##.รท###..##.....### #
...............###.......### #
.#..#........#..#))......##
#......#.....#.))....##...#
.......#.....[.##)..####..##
..#.....#......##...# #...##
...................## ##...#


You could see 2 orc wizards and an orc.

Vanquished Creatures
  Sigmund (D:3)
  Menkaure (D:4)
  An orc priest (D:4)
  3 orc wizards
  A worker ant (D:4)
  Natasha (thrice) (D:2)
  6 adders
  A shadow imp (D:2)
  2 oozes
  5 worms
  13 orcs
  15 bats
  2 giant cockroaches
  9 hobgoblins
  2 quokkas
  3 ball pythons
  2 giant geckos
  5 giant newts
  4 goblins
  11 jackals
  12 kobolds
  10 rats
112 creatures vanquished.

Notes
Turn   | Place    | Note
--------------------------------------------------------------
     0 | D:1      | Hanyuu the Octopode Transmuter began the quest for the Orb.
     0 | D:1      | Reached XP level 1. HP: 13/13 MP: 3/3
   313 | D:1      | Reached XP level 2. HP: 18/18 MP: 5/5
   629 | D:1      | Reached skill level 4 in Unarmed Combat
   704 | D:1      | Reached XP level 3. HP: 16/23 MP: 4/6
   722 | D:1      | Learned a level 2 spell: Sticks to Snakes
   726 | D:1      | Learned a level 3 spell: Spider Form
  1170 | D:2      | Noticed Natasha
  1186 | D:2      | Killed Natasha
  1186 | D:2      | Reached XP level 4. HP: 20/28 MP: 3/7
  1270 | D:2      | Reached skill level 5 in Unarmed Combat
  1270 | D:2      | HP: 1/28 [poisoned by an adder]
  1720 | D:2      | Noticed Natasha
  1729 | D:2      | Killed Natasha
  1929 | D:2      | Reached XP level 5. HP: 18/33 MP: 8/8
  2146 | D:2      | Found a stormy altar of Qazlal.
  2207 | D:2      | Noticed Natasha
  2211 | D:2      | Killed Natasha
  3166 | D:3      | Noticed Sigmund
  3182 | D:3      | Killed Sigmund
  3182 | D:3      | Reached skill level 6 in Unarmed Combat
  3182 | D:3      | Reached XP level 6. HP: 32/38 MP: 5/9
  3342 | D:4      | Noticed Menkaure
  3350 | D:4      | Killed Menkaure
  3350 | D:4      | Reached XP level 7. HP: 37/44 MP: 6/10
  3496 | D:4      | Reached skill level 7 in Unarmed Combat
  3946 | D:4      | Found a bloodstained altar of Trog.
  4106 | D:4      | Found a shadowy altar of Dithmenos.
  4419 | D:4      | HP: 2/45 [orc wizard/puff of frost (10)]
  4420 | D:4      | Killed from afar by an orc wizard

Vault maps used:
D:1:      sevenhm_arrival_forest_fort_large_2
D:2:      first_bread, nicolae_qazlal_general_emergency, uniq_natasha
D:3:      uniq_sigmund
D:4:      nicolae_dithmenos_shadow_blocks, bloody_trog, minmay_misc_feat_square,
          uniq_menkaure

Action                   |  1- 3 |  4- 6 |  7- 9 || total
-------------------------+-------+-------+-------++-------
Melee: Unarmed           |    75 |   144 |    70 ||   289
 Cast: Beastly Appendage |     1 |     6 |       ||     7
       Spider Form       |     2 |     6 |     5 ||    13
  Use: Scroll            |       |     4 |       ||     4
       Potion            |       |     2 |       ||     2
 Stab: Sleeping          |     2 |     3 |     1 ||     6
  Eat: Chunk             |     1 |     8 |     4 ||    13
